 Dungeon Crawl Stone Soup version 0.22-a0-445-g8c8ef71 (webtiles) character file.

448 nikopol the Magician (level 6, -3/32 HPs)
             Began as a Deep Elf Fire Elementalist on June 2, 2018.
             Was an Initiate of Vehumet.
             Shot with an arrow by a centaur (7 damage)
             ... on level 5 of the Dungeon.
             The game lasted 00:12:31 (4565 turns).

nikopol the Magician (Deep Elf Fire Elementalist)   Turns: 4565, Time: 00:12:32

Health: -3/32      AC:  5    Str:  5    XL:     6   Next: 73%
Magic:  17/17      EV: 13    Int: 22    God:    Vehumet [......]
Gold:   297        SH:  0    Dex: 15    Spells: 7/17 levels left

rFire    . . .     SeeInvis .   (no weapon)
rCold    . . .     Gourm    .   (no shield)
rNeg     . . .     Faith    .   a - +0 robe
rPois    .         Spirit   .   (no helmet)
rElec    .         Reflect  .   (no cloak)
rCorr    .         Harm     .   (no gloves)
MR       .....                  n - +2 pair of boots
Stlth    ++........             (no amulet)
HPRegen  0.10/turn              (no ring)
MPRegen  0.15/turn              (no ring)

@: no status effects
A: no striking features
a: Renounce Religion


You were on level 5 of the Dungeon.
You worshipped Vehumet.
Vehumet was noncommittal.
You were very hungry.

You visited 2 branches of the dungeon, and saw 6 of its levels.

You collected 297 gold pieces.

Inventory:

Armour
 a - a +0 robe (worn)
 n - a +2 pair of boots (worn)
Jewellery
 g - an uncursed ring of fire {unknown}
 i - an uncursed amulet of harm {unknown}
 o - a cursed ring of teleportation {unknown}
Wands
 p - a wand of polymorph (11)
Scrolls
 e - a scroll of remove curse {unknown}
 k - 4 scrolls of teleportation {unknown}
 l - 6 scrolls of identify {unknown}
 t - a scroll of blinking {unknown}
 u - a scroll of enchant armour {unknown}
Potions
 b - 3 potions of curing {unknown}
 d - a potion of berserk rage {unknown}
 f - 3 potions of might {unknown}
 h - 4 potions of heal wounds {unknown}
 j - a potion of invisibility {unknown}
 m - a potion of agility {unknown}
 q - 2 potions of lignification {unknown}
 r - a potion of resistance {unknown}
 s - a potion of mutation {unknown}
Comestibles
 c - 10 rations


   Skills:
 + Level 0.1 Fighting
 + Level 3.2 Dodging
 + Level 3.3 Stealth
 + Level 6.1 Spellcasting
 + Level 3.8 Conjurations
 + Level 5.2 Fire Magic


You had 7 spell levels left.
You knew the following spells:

 Your Spells              Type           Power        Failure   Level  Hunger
a - Flame Tongue          Conj/Fire      ####.        1%          1    None
b - Throw Flame           Conj/Fire      ####..       2%          2    None
c - Conjure Flame         Conj/Fire      ####....     4%          3    #......
d - Sticky Flame          Conj/Fire      ####....     14%         4    ###....

Your spell library contained the following spells:

 Spells                   Type           Power        Failure   Level  Hunger
 Fireball                 Conj/Fire      ####......   36%         5    #####..
 Summon Small Mammal      Summ           #...         9%          1    None
 Summon Ice Beast         Ice/Summ       #.......     65%         4    ###....
 Call Imp                 Summ           #.......     14%         2    None
 Call Canine Familiar     Summ           #.......     26%         3    #......
 Inner Flame              Hex/Fire       ###.....     10%         3    #......
 Summon Lightning Spire   Summ/Air       #.......     65%         4    ###....
 Summon Guardian Golem    Hex/Summ       #.......     26%         3    #......


Dungeon Overview and Level Annotations

Branches:
Dungeon (5/15)             Temple (1/1) D:4

Altars:
Ashenzari
Cheibriados
Dithmenos
Elyvilon
Fedhas
Gozag
Hepliaklqana
Nemelex Xobeh
Okawaru
Qazlal
Ru
Sif Muna
Trog
Uskayaw
Vehumet
Wu Jian
Xom
Yredelemnul
Zin
The Shining One


Message History

HP restored.
Found a sacrificial altar of Ru.
Found a shattered altar of Ashenzari.
Found 23 arrows.
A centaur comes into view.
Found a leather armour.
A centaur is nearby!
You see here a leather armour.
Found a ration.
The centaur shoots an arrow.
The arrow hits you!
You see here an arrow.
The centaur shoots an arrow.
The arrow hits you.
You see here an arrow.
The centaur shoots an arrow.
The arrow hits you!
* * * LOW HITPOINT WARNING * * *
You see here an arrow.
The centaur shoots an arrow.
The arrow hits you.
* * * LOW HITPOINT WARNING * * *
The centaur shoots an arrow.
The arrow hits you!
You die...

#. # #. #.##.###########
#...........?...
####.........##
#######..#.###..c.
#........#.# #.#
#.###.##.#[######.#####
####.###.##.#...@((.......
#...........#####.........
...#.###.#..# #.........
#..#...#.#..# #.%.......
#..#...#.# .# #.........
.......### ## #.........
.......# #.....c...
.......# #.........
.#.#...#


You could see a centaur.

Vanquished Creatures
  A phantom (D:4)
  An orc priest (D:3)
  2 iguanas
  2 worker ants (D:4)
  2 orc wizards (D:3)
  A hound skeleton (D:2)
  8 adders
  A shadow imp (D:4)
  2 oozes
  4 worms
  A dart slug (D:2)
  2 leopard geckos
  6 orcs (D:3)
  9 bats
  4 giant cockroaches
  4 goblins
  5 hobgoblins
  4 quokkas
  A ball python (D:1)
  5 frilled lizards
  6 kobolds
  A leopard gecko skeleton (D:4)
  7 rats
79 creatures vanquished.

Notes
Turn   | Place    | Note
-------+----------+-------------------------------------------
     0 | D:1      | nikopol the Deep Elf Fire Elementalist began the quest for the Orb.
     0 | D:1      | Reached XP level 1. HP: 10/10 MP: 6/6
   232 | D:1      | Reached XP level 2. HP: 15/15 MP: 5/8
  1013 | D:2      | Reached XP level 3. HP: 10/19 MP: 2/10
  1171 | D:2      | Learned a level 2 spell: Throw Flame
  1175 | D:2      | Learned a level 3 spell: Conjure Flame
  1444 | D:2      | Reached skill level 4 in Spellcasting
  1576 | D:2      | Found a faded altar of an unknown god.
  1690 | D:2      | Reached XP level 4. HP: 24/24 MP: 7/12
  2071 | D:3      | Found a deep blue altar of Sif Muna.
  2073 | D:3      | Found a glowing golden altar of the Shining One.
  2079 | D:3      | Found a basalt altar of Yredelemnul.
  2211 | D:3      | Reached XP level 5. HP: 25/28 MP: 0/14
  2814 | D:3      | Reached skill level 5 in Spellcasting
  3120 | D:4      | Learned a level 4 spell: Sticky Flame
  3159 | D:4      | Reached XP level 6. HP: 32/32 MP: 9/16
  3298 | D:4      | Reached skill level 5 in Fire Magic
  3598 | D:4      | Reached skill level 6 in Spellcasting
  3899 | D:4      | Found a staircase to the Ecumenical Temple.
  3924 | Temple   | Entered the Ecumenical Temple
  4014 | Temple   | Became a worshipper of Vehumet
  4172 | D:5      | Entered Level 5 of the Dungeon
  4519 | D:5      | Found a sacrificial altar of Ru.
  4520 | D:5      | Found a shattered altar of Ashenzari.
  4565 | D:5      | Shot with an arrow by a centaur

Vault maps used:
D:1:      dpeg_arrival_boxorama, kennysheep_crisscross, st_stairs_6
D:2:      chequers_ecumenical_altar_simple_redux, grunt_decor_resistance,
          feat_on_display
D:3:      gammafunk_temple_overflow_forgotten, eino_tiny_chamber
D:4:      temple_statues, hangedman_decor_push
D:5:      nicolae_overflow_hidden_temple, first_ration
Temple:   regret_index_temple_waves

Skill      XL: |  1  2  3  4  5  6 |
---------------+-------------------+-----
Fire Magic     | 4 5 |  5.2
Dodging        | 3 |  3.2
Spellcasting   | 4 5 6 |  6.1
Conjurations   | 2 3 |  3.8
Stealth        | 3 |  3.3
Fighting       | |  0.1

Action                   |  1- 3 |  4- 6 || total
-------------------------+-------+-------++-------
 Cast: Flame Tongue      |    74 |   102 ||   176
       Throw Flame       |       |     2 ||     2
       Sticky Flame      |       |     3 ||     3
  Eat: Chunk             |     2 |     8 ||    10
Armor: Robe              |     4 |    10 ||    14
Dodge: Dodged            |    26 |    27 ||    53

Table legend:
 A = Spawn XP
 B = Non-spawn XP
 C = Spawn XP percentage of total XP
 D = Spawn monster count
 E = Non-spawn monster count
 F = Spawn count percentage of total count
 G = Total turns spent on level
                    A         B        C        D         E        F      G
               +---------+---------+-------+---------+---------+-------+---------
         Total |       0 |     640 |   0.0 |       0 |      79 |   0.0 |  4565
               +---------+---------+-------+---------+---------+-------+---------
           D:1 |       0 |      26 |   0.0 |       0 |      17 |   0.0 |   903
           D:2 |       0 |      91 |   0.0 |       0 |      22 |   0.0 |  1143
           D:3 |       0 |     183 |   0.0 |       0 |      25 |   0.0 |   798
           D:4 |       0 |     293 |   0.0 |       0 |      12 |   0.0 |  1406
           D:5 |       0 |      47 |   0.0 |       0 |       3 |   0.0 |   204
               +---------+---------+-------+---------+---------+-------+---------
